 Dungeon Crawl Stone Soup version 0.32-a0-931-g5a2cda0630 (webtiles) character file.

Game seed: 14841004443941267000

266 rbyellow5 the Ruffian (level 6, -1/43 HPs)
             Began as an Octopode Fighter on Apr 14, 2024.
             Slain by a jelly (3 damage)
             ... in a sewer.
             The game lasted 00:05:32 (2605 turns).

rbyellow5 the Ruffian (Octopode Fighter)            Turns: 2605, Time: 00:05:32

Health: -1/43      AC: -15   Str: 17    XL:     6   Next: 20%
Magic:  6/6        EV: 12    Int: 10    God:
Gold:   107        SH:  4    Dex: 12    Spells: 3/5 levels left

rFire   . .          .
                       - Unarmed
rCold   . . .        a - +0 buckler
rNeg    . . .        (helmet restricted)
rPois   .            (no amulet)
rElec   .            (no ring)
rCorr   .            (no ring)
SInv    .            (no ring)
Will    .....        (no ring)
Stlth   +++          (no ring)
HPRegen 0.27/turn    (no ring)
MPRegen 0.10/turn    (no ring)
                     (no ring)

%: no passive effects
@: weak-willed, corroded
A: almost no armour, amphibious, 8 rings, camouflage 1, gelatinous body 1,
nimble swimmer 1, tentacles
a: no special abilities


You were in a sewer.
You visited 1 branch of the dungeon, and saw 4 of its levels.
You also visited: Sewer.

You collected 107 gold pieces.

Inventory:

Armour
 a - a +0 buckler (worn)
Scrolls
 c - a scroll of torment {unknown}
 f - 2 scrolls of poison
 h - 2 scrolls of vulnerability
 i - a scroll of summoning {unknown}
 j - 3 scrolls of silence {unknown}
 k - a scroll of blinking {unknown}
 l - a scroll of teleportation {unknown}
Potions
 b - a potion of might
 d - a potion of curing {unknown}
 e - a potion of enlightenment
 g - a potion of heal wounds {unknown}
 n - a potion of mutation
 o - a potion of attraction {unknown}


   Skills:
 + Level 3.8 Fighting
 + Level 1.1 Throwing
 + Level 4.1 Dodging
 + Level 3.6 Shields
 + Level 4.3 Unarmed Combat


You had 3 spell levels left.
You knew the following spells:

 Your Spells              Type           Power      Damage    Failure   Level
a - Blink                 Tloc           0%         N/A       58%         2

Your spell library contained the following spells:

 Spells                   Type           Power      Damage    Failure   Level
 Apportation              Tloc           0%         N/A       43%         1
 Jinxbite                 Hex            0%         N/A       58%         2
 Lesser Beckoning         Tloc           0%         N/A       58%         2
 Momentum Strike          Conj/Tloc      0%         3d8       58%         2
 Alistair's Intoxication  Alch           0%         N/A       100%        5


Dungeon Overview and Level Annotations

Branches:
Dungeon (4/15)              Sewer (1/1)
 Temple: D:4-7

Altars:
Nemelex Xobeh
Trog


Innate Abilities, Weirdness & Mutations

You cannot wear most types of armour.
You are amphibious.
You can wear up to eight rings at the same time.
Your skin changes colour to match your surroundings (Stealth+).
Your rubbery body absorbs attacks. (AC +1, EV +1)
You are camouflaged when in or above water. (Stealth+)
You have tentacles for arms and can constrict up to eight enemies at once.


Message History

Things that are here:
a +0 troll leather armour {Pargi}; the troll corpse of Pargi You open the door.
You open the door.
There is an open door here.
j - 3 scrolls labelled BUETUCR XEEPSOHERU (gained 1)
There is an open door here.
You open the door.
A jelly comes into view.
There is an open door here.
The helpless jelly fails to defend itself.
You tentacle-slap the jelly. The acid corrodes you!
Your tentacles burn!
You squeeze the jelly, but do no damage.
The jelly is moderately wounded.
The jelly hits you.
You are splashed with acid!
You tentacle-slap the jelly.
Your tentacles burn!
The jelly is moderately wounded.
The jelly hits you. The acid corrodes you!
You are splashed with acid!
* * * LOW HITPOINT WARNING * * *
You are too injured to fight recklessly!
You tentacle-slap the jelly. The acid corrodes you!
Your tentacles burn!
* * * LOW HITPOINT WARNING * * *
The jelly is heavily wounded.
You block the jelly's attack.
You tentacle-slap the jelly but do no damage.
The acid corrodes you!
Your tentacles burn!
* * * LOW HITPOINT WARNING * * *
You tentacle-slap the jelly, but do no damage.
The jelly is heavily wounded.
The jelly completely misses you. The jelly closely misses you.
You enter the shallow water.
The jelly attacks as it pursues you! The jelly hits you.
* * * LOW HITPOINT WARNING * * *
You are splashed with acid.
* * * LOW HITPOINT WARNING * * *
As you read the scroll labelled VAMETEAROI, it crumbles to dust.
A wave of despondency washes over your surroundings.
It was a scroll of vulnerability.
The jelly hits you.
You die...

#####################
#.##.##.##.##.##.##.#
#.##.##.##.##.##.##.#
#'##'##)##[##'##'##'#
#...................#
#~~~~~~~~~†~~~~~~~~~#
#≈≈≈≈≈≈≈≈≈∩≈≈≈≈≈≈≈≈≈#
#~~~~~~~~~.~~~@J~~~~#
#........†..........#
#'##'##'##.##'##+##+#
#.##.##.##.##.#
#.##.##.##∩##.#
##############


You could see a jelly (weak-willed).

Vanquished Creatures
  Pargi (Sewer)
  A brain worm (Sewer)
  4 adders
  A ribbon worm (D:2)
  6 ball pythons
  4 endoplasms
  7 giant cockroaches
  7 goblins
  9 hobgoblins
  13 kobolds
  2 quokkas (D:3)
  3 bats
  6 frilled lizards
  9 rats
73 creatures vanquished.

Notes
Turn   | Place    | Note
-------+----------+-------------------------------------------
     0 | D:1      | rbyellow5 the Octopode Fighter began the quest for the Orb.
     0 | D:1      | Reached XP level 1. HP: 16/16 MP: 1/1
    88 | D:1      | Reached XP level 2. HP: 7/21 MP: 2/2
   628 | D:1      | Found a faded altar of an unknown god.
   843 | D:2      | Reached XP level 3. HP: 15/26 MP: 3/3
  1746 | D:2      | Reached XP level 4. HP: 27/31 MP: 4/4
  1819 | D:3      | Learned a level 2 spell: Blink
  1831 | D:3      | Found a bloodstained altar of Trog.
  1967 | D:3      | Found a sparkling altar of Nemelex Xobeh.
  2390 | D:4      | Found a glowing drain.
  2408 | Sewer    | Entered a sewer
  2409 | Sewer    | Noticed a brain worm
  2421 | Sewer    | Killed a brain worm
  2422 | Sewer    | Reached XP level 5. HP: 19/37 MP: 1/5
  2526 | Sewer    | Noticed Pargi
  2533 | Sewer    | Killed Pargi
  2534 | Sewer    | Reached skill level 1 in Throwing
  2534 | Sewer    | Reached XP level 6. HP: 43/43 MP: 6/6
  2603 | Sewer    | HP: 1/43 [acid (6)]
  2605 | Sewer    | Slain by a jelly

Illustrated notes

Levels and vault maps discovered:
D:1:      nzn_arrival_water_spiral, layout_loops_cross,
          shapermc_ecumenical_altar_notcrosses
D:2:      wander_river, layout_basic, lexackson_kobold_supper
D:3:      layout_rooms, overflow_temple_1_default, mainiacjoe_overflow_alcove_1,
          hangedman_decor_riveting
D:4:      layout_basic, lemuel_crystal_altar, mainiacjoe_overflow_alcove_4,
          temple_green, portal_sewer_entry_b, amethyst_killhole
Sewer:    kennysheep_door_sewer

Skill      XL: |  1  2  3  4  5 |
---------------+----------------+-----
Unarmed Combat | 3 4 |  4.3
Throwing       | 1 |  1.1
Dodging        | 4 |  4.1
Fighting       | |  3.8
Shields        | |  3.6

Action                     |  1- 3 |  4- 6 || total
---------------------------+-------+-------++-------
  Melee: Unarmed           |    75 |    55 ||   130
         Constrict         |    25 |    16 ||    41
         Tentacles         |    16 |    12 ||    28
         Punch             |     4 |     1 ||     5
  Throw: Stone             |    18 |     4 ||    22
    Use: Scroll            |     4 |     3 ||     7
         Potion            |       |     2 ||     2
   Stab: Sleeping          |     7 |     4 ||    11
 Armour: Skin              |    35 |    22 ||    57
  Dodge: Dodged            |    27 |    35 ||    62
  Block: Buckler           |     8 |     9 ||    17

Table legend: (Time is in decaauts)
 A = Elapsed time spent in this place.
 B = Non-inter-level travel time spent in this place.
 C = Inter-level travel time spent in this place.
 D = Time resting spent in this place.
 E = Time spent auto-exploring this place.
 F = Levels seen in this place.
 G = Mean time per level.
                   A        B        C        D        E       F      G
               +--------+--------+--------+--------+--------+-----+--------+
         Total |   2615 |   2490 |    125 |    156 |   1792 |   5 |  523.0 |
       Dungeon |   2410 |   2285 |    125 |    120 |   1680 |   4 |  602.5 |
         Sewer |    205 |    205 |      0 |     36 |    112 |   1 |  205.0 |
               +--------+--------+--------+--------+--------+-----+--------+

Top non-repeatable levels by time:
     D:2: 1045 daAuts
     D:1: 713 daAuts
     D:3: 491 daAuts
   Sewer: 205 daAuts
     D:4: 160 daAuts
